 Dungeon Sprint DCSS version 0.29.1-15-g9cfb28693d (webtiles) character file.

Game seed: 14049746030311117419

13864 Groucho the Ninja (level 11, -4/64 HPs)
             Began as a Felid Berserker on Apr 14, 2023.
             Was an Elder of Trog.
             Slain by an orc knight
             ... wielding a +0 great mace
              (32 damage)
             ... in the Dungeon (Sprint VII: "The Pits").
             The game lasted 00:13:22 (4455 turns).

Groucho the Ninja (Felid Berserker)                 Turns: 4455, Time: 00:13:24

Health: -4/64      AC:  6    Str: 20    XL:     11   Next: 81%
Magic:  10/10      EV: 33    Int:  9    God:    Trog [****..]
Gold:   11         SH:  0    Dex: 16    Spells: 10/10 levels left
                                        Lives:  0   Deaths: 2

rFire   . . .      SeeInvis +     - Unarmed
rCold   + . .      Faith    .   (shield unavailable)
rNeg    . . .      Spirit   .   (body armour unavailable)
rPois   .          Reflect  .   (helmet unavailable)
rElec   .          Harm     .   (cloak unavailable)
rCorr   .          Rampage  .   (gloves unavailable)
Will    +....      NoTele   +   (boots unavailable)
Stlth   ++++++++++              (no amulet)
HPRegen 0.20/turn               i - +3 ring of strength
MPRegen 0.12/turn               j - +3 ring of protection

@: on berserk cooldown, slowed, slow
A: very small, claws 1, fangs 3, see invisible, speed 1, shaggy fur 3, stealthy
paws, no weapons or thrown items, no armour, multi-lived, low MP 1
a: Renounce Religion, Berserk, Trog's Hand, Brothers in Arms


You were in the Dungeon.
You worshipped Trog.
Trog was greatly pleased with you.
You visited 1 branch You collected 11 gold pieces.

Inventory:

Hand Weapons
 k - a +0 scimitar
Jewellery
 i - a +3 ring of strength (left paw)
 j - a +3 ring of protection (right paw)
 r - a ring of ice
Scrolls
 f - 2 scrolls of blinking
 h - a scroll of summoning
 m - a scroll of butterflies
 n - a scroll of fear
 p - 3 scrolls of identify
Potions
 a - 8 potions of curing
 b - 7 potions of heal wounds
 c - 5 potions of haste
 d - 4 potions of magic
 e - 5 potions of berserk rage
 g - 2 potions of invisibility
 l - a potion of resistance
 o - a potion of might
 q - 2 potions of flight


   Skills:
 + Level 17.5 Fighting
 + Level 22.1 Dodging
 O Level 27 Stealth
 + Level 17.5 Unarmed Combat


You had 10 spell levels left.
You didn't know any spells.
Your spell library was empty.

Dungeon Overview and Level Annotations

Branches:
Dungeon (1/1)

Altars:
Ashenzari
Cheibriados
Dithmenos
Elyvilon
Fedhas
Gozag
Hepliaklqana
Kikubaaqudgha
Makhleb
Nemelex Xobeh
Okawaru
Qazlal
Ru
Sif Muna
Trog
Uskayaw
Vehumet
Wu Jian
Xom
Yredelemnul
Zin
The Shining One
Jiyva
Lugonu


Innate Abilities, Weirdness & Mutations

You have sharp claws.
You have razor-sharp teeth.
You have supernaturally acute eyesight. (SInv)
You cover ground quickly. (Speed+)
Your thick and shaggy fur keeps you warm. (AC +3, rC+)
Your paws help you pounce on unaware monsters.
You are incapable of wielding weapons or throwing items.
You cannot wear armour.
You gain extra lives every three experience levels.
Your magical capacity is low. (-10% MP)


Message History

Unknown command.
Unknown command.
You feel much better.
Your ogre hits the orc knight with a +0 giant club!!!
The orc knight completely misses you.
The orc knight shoots a bolt.
The bolt hits you!
* * * LOW HITPOINT WARNING * * *
The orc knight barely misses you.
You feel much better.
Your ogre barely misses the orc knight.
The orc knight shoots a bolt.
The bolt barely misses you.
Your ogre closely misses the orc knight.
The orc knight barely misses you.
The orc knight shoots a bolt.
The bolt misses you.
Unknown command.
You closely miss the orc knight.
The orc knight is severely wounded.
The orc knight no longer looks unusually strong.
Your ogre hits the orc knight with a +0 giant club!!!
The orc knight dies!
Trog accepts your kill.
The orc knight shoots a bolt.
The bolt misses you.
Unknown command.
Unknown command.
Your skin stops crawling.
You feel less strong-willed.
The orc knight shoots a bolt.
The bolt completely misses you.
The orc knight unwields a +0 arbalest.
The orc knight wields a +0 great mace.
The orc knight hits you with a +0 great mace!
Things that are here:
a +0 long sword; a +0 buckler You mangle the orc knight!!
The orc knight is moderately wounded.
Your ogre closely misses the orc knight.
The orc knight completely misses you.
You mangle the orc knight!!
You bite the orc knight, but do no damage.
The orc knight is severely wounded.
Your ogre hits the orc knight with a +0 giant club.
The orc knight hits you with a +0 great mace!!
Ouch! That really hurt!
You die...

.........# .........#
.#....#..# .........+
.........+ #++####''#
#''#######################
#...)..).O.........)......
#........@o.......))).....
#..##############''#######
#.)# #...c..# #..#
#......# #..# #.....e#
#..# ###..### #..# )o.e
#..# ..).). ########..#
#....##


You could see an orc knight (ally target) and a friendly ogre (summoned,
berserk).

Vanquished Creatures
  A deep elf sorcerer (D)
  A ghost moth (D)
  An orc warlord (D)
  A yaktaur captain (D)
  A vault guard (D)
  A death yak (D)
  A naga warrior (D)
  3 deep elf knights (D)
  A wizard (D)
  An orc knight (D)
  An elephant (D)
  A smoke demon (D)
  A rime drake (D)
  An ice devil (D)
  2 red devils (D)
  A guardian mummy (D)
  A flying skull (D)
  A water moccasin (D)
  A large abomination (D)
  An orc warrior (D)
  A sky beast (D)
  An ice beast (D)
  A gnoll sergeant (D)
  A scorpion (D)
  An orc priest (D)
  2 gnolls (D)
  3 river rats (D)
  2 ufetubi (D)
  2 worms (D)
  3 orcs (D)
  A giant cockroach (D)
  A hobgoblin (D)
  2 kobolds (D)
  A quokka (D)
  A ball python skeleton (D)
  A frilled lizard (D)
  A rat (D)
48 creatures vanquished.

Vanquished Creatures (collateral kills)
  An eidolon (D)
  A merfolk javelineer (D)
  A hydra (D)
  An alligator snapping turtle (D)
  4 hell hogs (D)
  A sun demon (D)
  4 deep elf knights (D)
  5 skeletal warriors (D)
  A deep troll (D)
  A sea snake (D)
  A phantasmal warrior (D)
  6 orc knights (D)
  A deep elf pyromancer (D)
  2 deep elf zephyrmancers (D)
  A salamander (D)
  A manticore (D)
  A naga mage (D)
  A gargoyle (D)
  A cane toad (D)
  An ice devil (D)
  2 trolls (D)
  4 merfolk (D)
  A red devil (D)
  2 polar bears (D)
  A tarantella (D)
  A hornet (D)
  An air elemental (D)
  A spriggan (shapeshifter) (D)
  A vampire (D)
  A wraith (D)
  2 nagas (D)
  2 orc warriors (D)
  An ogre (D)
  A crimson imp (D)
  Terence (D)
  An iguana (D)
  4 gnolls (D)
  An adder simulacrum (D)
  7 orcs (D)
  A kobold (D)
72 creatures vanquished.

Grand Total: 120 creatures vanquished

Notes
Turn   | Place    | Note
-------+----------+-------------------------------------------
     0 | D        | Groucho the Felid Berserker began the quest for the Orb.
     0 | D        | Reached XP level 1. HP: 10/10 MP: 2/2
    34 | D        | Found a bloodstained altar of Trog.
    34 | D        | Found a shimmering blue altar of Sif Muna.
    34 | D        | Found a viscous altar of Jiyva.
    34 | D        | Found a hazy altar of Hepliaklqana.
    34 | D        | Found an opulent altar of Gozag.
    35 | D        | Found a glowing golden altar of the Shining One.
    35 | D        | Found a glowing silver altar of Zin.
    35 | D        | Found a basalt altar of Yredelemnul.
    35 | D        | Found a shimmering altar of Xom.
    35 | D        | Found an ornate altar of the Wu Jian Council.
    35 | D        | Found a sacrificial altar of Ru.
    35 | D        | Found a stormy altar of Qazlal.
    35 | D        | Found an iron altar of Okawaru.
    35 | D        | Found a sparkling altar of Nemelex Xobeh.
    35 | D        | Found a burning altar of Makhleb.
    35 | D        | Found a blossoming altar of Fedhas.
    35 | D        | Found a white marble altar of Elyvilon.
    35 | D        | Found a shadowy altar of Dithmenos.
    35 | D        | Found a snail-covered altar of Cheibriados.
    38 | D        | Found a corrupted altar of Lugonu.
    38 | D        | Found a radiant altar of Vehumet.
    39 | D        | Found an ancient bone altar of Kikubaaqudgha.
    39 | D        | Found a hide-covered altar of Uskayaw.
    39 | D        | Found a broken altar of Ashenzari.
    74 | D        | Reached skill level 5 in Dodging
    74 | D        | Reached skill level 2 in Stealth
    74 | D        | Reached XP level 2. HP: 15/15 MP: 3/3
    77 | D        | Reached ** piety under Trog
    84 | D        | Reached skill level 3 in Stealth
   563 | D        | Noticed a flying skull
   572 | D        | Reached skill level 4 in Stealth
   574 | D        | Killed a flying skull
   575 | D        | Reached skill level 9 in Stealth
   575 | D        | Reached XP level 3. HP: 20/20 MP: 4/4
   575 | D        | Reached XP level 4. HP: 24/24 MP: 5/5
   575 | D        | Reached XP level 5. HP: 27/27 MP: 6/6
   578 | D        | Reached *** piety under Trog
   837 | D        | Reached **** piety under Trog
   849 | D        | Reached skill level 10 in Stealth
  1162 | D        | Noticed an orc warrior
  1164 | D        | Killed an orc warrior
  1164 | D        | Reached ***** piety under Trog
  1165 | D        | Reached skill level 11 in Stealth
  1165 | D        | Gained mutation: You are covered in thick fur. (AC +2)
                  | [Felid growth]
  1165 | D        | Reached XP level 6. HP: 31/31 MP: 7/7
  1170 | D        | Noticed a sky beast
  1172 | D        | Killed a sky beast
  1173 | D        | Reached skill level 12 in Stealth
  1183 | D        | Noticed a water moccasin
  1183 | D        | Noticed a cane toad
  1187 | D        | Killed a cane toad
  1188 | D        | Reached skill level 10 in Dodging
  1188 | D        | Reached skill level 14 in Stealth
  1188 | D        | Reached XP level 7. HP: 37/37 MP: 8/8
  1572 | D        | Gained mutation: Your magical capacity is low. (-10% MP)
                  | [potion of mutation]
  1573 | D        | Lost mutation: Your magical capacity is low. (-10% MP)
                  | [potion of mutation]
  1573 | D        | Gained mutation: Your magical capacity is low. (-10% MP)
                  | [potion of mutation]
  1632 | D        | Noticed a red devil
  1632 | D        | Noticed a phantasmal warrior
  1634 | D        | Killed a red devil
  1635 | D        | Reached skill level 15 in Stealth
  1635 | D        | Reached XP level 8. HP: 41/41 MP: 8/8
  1643 | D        | Killed a phantasmal warrior
  1644 | D        | Reached skill level 16 in Stealth
  1648 | D        | Noticed a tarantella
  1653 | D        | Noticed a polar bear
  1654 | D        | Killed a tarantella
  1655 | D        | Reached skill level 17 in Stealth
  1657 | D        | Killed a polar bear
  1659 | D        | Noticed a gargoyle
  1660 | D        | Reached XP level 9. HP: 46/46 MP: 9/9
  1662 | D        | Noticed a sea snake
  1662 | D        | Killed a gargoyle
  1663 | D        | Reached skill level 10 in Fighting
  1663 | D        | Reached skill level 10 in Unarmed Combat
  1667 | D        | Killed a sea snake
  1667 | D        | Reached ****** piety under Trog
  1668 | D        | Reached skill level 18 in Stealth
  1713 | D        | Noticed a deep elf zephyrmancer
  1713 | D        | Noticed a polar bear
  1713 | D        | Noticed a deep elf pyromancer
  1719 | D        | Killed a polar bear
  1720 | D        | Reached skill level 19 in Stealth
  1720 | D        | Killed a deep elf pyromancer
  1726 | D        | Killed a deep elf zephyrmancer
  1727 | D        | Reached skill level 20 in Stealth
  1727 | D        | Reached XP level 10. HP: 52/52 MP: 10/10
  1728 | D        | Noticed a black mamba
  1729 | D        | a black mamba changed into a spriggan
  1754 | D        | Noticed a smoke demon
  1754 | D        | Noticed a sun demon
  1756 | D        | Killed a sun demon
  1757 | D        | Reached skill level 21 in Stealth
  1760 | D        | Killed a smoke demon
  1761 | D        | Reached skill level 15 in Dodging
  2308 | D        | Noticed an alligator snapping turtle
  2308 | D        | Noticed an elephant
  2308 | D        | Noticed a wizard
  2318 | D        | Killed an elephant
  2322 | D        | Killed an alligator snapping turtle
  2323 | D        | Reached skill level 22 in Stealth
  2333 | D        | Killed a wizard
  2336 | D        | Noticed Terence
  2336 | D        | Noticed a naga mage
  2336 | D        | Noticed a salamander
  2336 | D        | Noticed a merfolk javelineer
  2343 | D        | Reached XP level 11. HP: 30/57 MP: 10/10
  2345 | D        | Reached skill level 23 in Stealth
  2348 | D        | Noticed a deep troll
  2351 | D        | Noticed a skeletal warrior
  2354 | D        | Killed a deep troll
  2356 | D        | Killed Terence
  2358 | D        | Noticed a skeletal warrior
  2363 | D        | Killed a skeletal warrior
  2366 | D        | Noticed a skeletal warrior
  2366 | D        | Noticed a skeletal warrior
  2366 | D        | Noticed a skeletal warrior
  2366 | D        | Killed a merfolk javelineer
  2367 | D        | Reached skill level 24 in Stealth
  2373 | D        | Killed a skeletal warrior
  2414 | D        | Killed a skeletal warrior
  2418 | D        | Killed a skeletal warrior
  2419 | D        | Reached skill level 25 in Stealth
  2419 | D        | Killed a skeletal warrior
  2681 | D        | Noticed an orc knight
  2700 | D        | Killed an orc knight
  2886 | D        | Noticed a deep elf knight
  2886 | D        | Noticed an eight-headed hydra
  2896 | D        | Killed a nine-headed hydra
  2897 | D        | Reached skill level 26 in Stealth
  2897 | D        | Gained mutation: Your thick and shaggy fur keeps you warm.
                  | (AC +3, rC+) [Felid growth]
  2897 | D        | Reached XP level 12. HP: 63/64 MP: 11/11
  2907 | D        | Killed from afar by a deep elf knight
  2908 | D        | Reached XP level 11. HP: -5/60 MP: 10/10
  2922 | D        | Killed a deep elf knight
  2969 | D        | Noticed a deep elf zephyrmancer
  2969 | D        | Noticed a deep elf knight
  2970 | D        | Noticed a deep elf knight
  2979 | D        | Killed a deep elf knight
  2982 | D        | Killed a deep elf knight
  2986 | D        | Noticed a deep elf knight
  2986 | D        | Killed a deep elf knight
  2987 | D        | Killed a deep elf zephyrmancer
  3009 | D        | Noticed a hell hog
  3010 | D        | Noticed a hell hog
  3010 | D        | Noticed a hell hog
  3010 | D        | Noticed a hell hog
  3018 | D        | Killed a hell hog
  3019 | D        | Reached skill level 15 in Fighting
  3019 | D        | Reached skill level 27 in Stealth
  3019 | D        | Reached skill level 15 in Unarmed Combat
  3019 | D        | Killed a hell hog
  3021 | D        | Killed a hell hog
  3025 | D        | Killed a hell hog
  3370 | D        | Noticed an eidolon
  3383 | D        | Killed an eidolon
  3396 | D        | Noticed an orc knight
  3396 | D        | Noticed an orc knight
  3396 | D        | Noticed an orc knight
  3396 | D        | Noticed an orc knight
  3400 | D        | Noticed an orc knight
  3400 | D        | Noticed an orc warlord
  3400 | D        | Noticed an orc warlord
  3400 | D        | Noticed an orc knight
  3400 | D        | Noticed an orc knight
  3401 | D        | Killed an orc knight
  3403 | D        | Noticed a ghost moth
  3403 | D        | Killed an orc knight
  3404 | D        | Noticed an orc knight
  3404 | D        | Killed an orc knight
  3406 | D        | Noticed a death yak
  3407 | D        | Noticed a deep elf knight
  3410 | D        | Noticed a deep elf knight
  3456 | D        | Killed an orc knight
  3457 | D        | Reached XP level 12. HP: 55/66 MP: 4/11
  3478 | D        | Noticed a vault guard
  3514 | D        | Killed a vault guard
  3607 | D        | Killed a ghost moth
  3701 | D        | Killed an orc warlord
  3755 | D        | Noticed a naga warrior
  3765 | D        | Demolished by a naga warrior
  3766 | D        | Reached XP level 11. HP: -19/64 MP: 10/10
  3781 | D        | Killed a naga warrior
  3821 | D        | Noticed a deep elf sorcerer
  3821 | D        | Noticed a yaktaur captain
  3886 | D        | Killed a death yak
  3891 | D        | Killed a yaktaur captain
  4216 | D        | Killed a deep elf sorcerer
  4451 | D        | Killed an orc knight
  4455 | D        | Slain by an orc knight

Illustrated notes

Levels and vault maps discovered:
D:        pitsprint [storerooms_1, entrance_room_1, metal_vault_5, armoury_1,
          mini_pit_1, grid_room_1, main_hall_1, silver_pit, the_coven_2,
          the_vestibule_1, steel_vault_2, golden_pit, hallway_of_sentries,
          crystal_vault_4, iron_vault_1, final_vault]

Skill      XL: |  1  2  3  4  5  6  7  8  9 10 11 12 |
---------------+-------------------------------------+-----
Dodging        | 5 7 8 10 11 12 14 16 22 21 | 22.1
Stealth        | 2 9 11 14 15 17 20 22 27 | 27.0
Fighting       | 6 8 9 11 12 16 17 | 17.5
Unarmed Combat | 6 8 9 11 12 17 | 17.5

Action                   |  1- 3 |  4- 6 |  7- 9 | 10-12 || total
-------------------------+-------+-------+-------+-------++-------
Melee: Unarmed           |    37 |    30 |    16 |   117 ||   200
       Bite              |     4 |     1 |     1 |    15 ||    21
       Punch             |       |     3 |     2 |     9 ||    14
Invok: Trog's Hand       |     1 |       |     2 |    14 ||    17
       Berserk           |     1 |       |     1 |     6 ||     8
       Brothers in Arms  |       |     1 |     2 |    21 ||    24
  Use: Potion            |     1 |       |     3 |    11 ||    15
 Stab: Sleeping          |     1 |     6 |     1 |     5 ||    13
       Distracted        |       |       |       |     2 ||     2
Armor: Skin              |     2 |       |     1 |       ||     3
Dodge: Dodged            |    21 |     8 |    20 |   110 ||   159
